 BcadrenCrawl: Boulder Brew version 0.03.2.1-55-g6201c1df07 (webtiles) character file.

Game seed: 14964997371355691564, levelgen mode: deterministic

88159 esc the Sniper (level 15, -8/105 HPs) Barachi Noble. Began on Feb 3, 2021. Was a High Priest of Hepliaklqana. Mangled by a jumping spider (15 damage) ... on level 4 of the Spider Nest. The game lasted 00:47:34 (12842 turns).

esc the Sniper (Barachi Noble)                     Turns: 12842, Time: 00:47:34

Health: -8/105     AC: 16    Str: 16    XL:     15 ^: 2937
Magic:  0/17       EV: 19    Int: 12    God:    Hepliaklqana [5* [153]]
Gold:   1574       SH:  0    Dex: 21    Spells: 16/16 levels left

rFire    . . .     Vision   +   c - +4 triple crossbow (venom)
rCold    + . .     Gourm    .   (also wielding the above weapon)
rNeg     . . .     Faith    .   l - +0 troll leather {Purgy}
rPois    +         Spirit   +   t - +1 hat {+Vis}
rElec    .         Reflect  .   g - +0 cloak {rPois}
rCorr    .         Harm     .   d - +0 pair of gloves {archery}
MR       +....                  e - +0 pair of boots {rC+}
Stlth    ++........             G - amulet of guardian spirit
HPRegen  0.85/turn              u - ring of dexterity
MPRegen  0.27/turn              v - ring of protection

@: lethally poisoned (-8 -> -9), slow
A: +LOS, swims, reduced essence, slowness 1, strong legs 2
a: Hop, Recall Ancestor, Ancestor Identity, Transference, Idealise, Renounce
Religion


You were on level 4 of the Spider Nest.
You worshipped Hepliaklqana.
Hepliaklqana was extremely pleased with you.
You were not hungry.

You visited 4 branches of the dungeon, and saw 16 of its levels.
You also visited: Market.

You collected 1564 gold pieces.
You spent 990 gold pieces at shops.

Inventory:

Weapons
 c - a +4 triple crossbow of venom (weapon)
Armour
 a - a +2 hat
 d - a +0 pair of gloves of archery (worn)
 e - a +0 pair of boots of cold resistance (worn)
 f - a +0 helmet
 g - a +0 cloak of poison resistance (worn)
 l - a +0 troll leather (worn) {Purgy}
 r - a +2 robe of fire resistance
 t - a +1 hat of improved vision (worn)
Jewellery
 u - a ring of dexterity (left hand)
 v - a ring of protection (right hand)
 B - an uncursed ring of resist corrosion
 C - an uncursed ring of stealth
 D - an uncursed ring of protection
 G - an amulet of guardian spirit (around neck)
 J - a cursed ring of protection from magic {(Curse: rC-)}
 L - an uncursed ring of wizardry
 O - an uncursed ring of magical power
 T - a cursed amulet of magic regeneration {(Curse: *Corrode)}
Wands
 h - a wand of flame (49)
 n - a wand of ensnaring (7)
 A - a wand of hasting (5)
 F - a wand of acid (9)
 M - a wand of enslavement (20)
 P - a wand of polymorph (16)
 S - a wand of scattershot (3)
 V - a wand of iceblast (18)
Scrolls
 j - 10 scrolls of teleportation
 k - 2 scrolls of fear
 o - 2 scrolls of holy word
 w - 3 scrolls of blinking
 z - 5 scrolls of amnesia
 E - 3 scrolls of magic mapping
 I - 2 scrolls of fog
 N - 4 scrolls of immolation
 U - a scroll of summoning
Potions
 i - 9 potions of curing
 m - 7 potions of might
 p - 2 potions of cancellation
 q - a potion of agility
 s - a potion of berserk rage
 x - 4 potions of heal wounds
 K - a potion of magic
 Q - a potion of haste
Miscellaneous
 y - a lamp of fire
 H - a fan of gales
Comestibles
 b - 35 rations


   Skills:
 + Level 10.6 Fighting
 + Level 21.5 Crossbows
 + Level 9.5 Armour
 + Level 8.7 Dodging
 - Level 0.8 Stealth
 - Level 1.1 Spellcasting
 + Level 3.6 Invocations


You had 16 spell levels left.
You didn't know any spells.
Your spell library contained the following spells:

 Spells                   Type           Power        Failure   Level  Hunger
 Leda's Liquefaction      Tmut/Erth      0 (200)      97%         4    #####..
 Bolt of Magma            Fire/Erth      0 (200)      100%        5    ######.
 Iron Shot                Erth           0 (200)      100%        6    #######
 Statue Form              Tmut/Erth      0 (150)      100%        6    #######
 Tunneling                Erth           0 (200)      100%        6    #######
 Shatter                  Erth           0 (200)      100%        9    #######


Dungeon Overview and Level Annotations

Branches:
Dungeon (5/8)              Temple (1/1) D:4            Lair (6/6) D:5
  Swamp (0/4) Lair:4       Spider (4/4) Lair:2        Slime (0/5) Lair:5

Altars:
Cheibriados
Dithmenos
Elyvilon
Fedhas Madash
Gozag Ym Sagoz
Hepliaklqana
Kikubaaqudgha
Makhleb
Nemelex Xobeh
Okawaru
Qazlal
Sif Muna
Uskayaw
Wu Jian
Xom
Yredelemnul
Zin
The Shining One
Jiyva

Annotations:
D:2 1 runed translucent door, Crazy Yiuf
Lair:1 3 runed translucent doors, EtherCrawl's ghost, journeyman MiBe


Innate Abilities, Weirdness & Mutations

You can be seen from farther away. (+LOS)
You can swim through water.
You cover ground slowly.
You can hop long distances.
Your life essence is reduced to manifest your ancestor. (-10% HP)


Message History

Press: ? - help, Shift-Dir - straight line, f/p - tarantella
Aim: a tarantella (heavily wounded (12/27), poisoned, clinging)
You shoot a triplet of bolts.
The tarantella makes you miss your attack.
A jumping spider comes into view.
The tarantella barely misses you (0). The jumping spider pounces on you (16)!
* * * LOW HITPOINT WARNING * * *
You are caught in a web!
The jumping spider bites you but does no damage.
The tarantella bites you (3).
* * * LOW HITPOINT WARNING * * *
Gladwin points at the tarantella and mumbles some strange words.
The bolt of magma hits the tarantella (21)!!
The tarantella dies!
You feel sick. (1)
The jumping spider pounces on you (17)!
* * * LOW HITPOINT WARNING * * *
The jumping spider bites you but does no damage.
The jumping spider leaps!
The jumping spider pounces on you (17)!
You die...

### ##
#####.##..^#
#...^$s....#
#..†.#..^..#
#..$####s...#
#..†@# s.##
#...s^# ##
#..^..#
#.R^^##
#..### #.°
#s. ##. #


You could see the friendly Gladwin the battlemage and 2 jumping spiders.

Vanquished Creatures
  Gastronok (D:4)
  A ghost moth (Spider:1)
  A chaos butterfly (Spider:3)
  4 emperor scorpions
  3 boulder beetles
  A sphinx moth (Spider:2)
  A catoblepas (Lair:2)
  4 dire elephants (Lair:6)
  5 swooping magpies
  Sonja (D:5)
  An anaconda (Lair:6)
  5 hydras
  4 torpor snails
  Pikel (D:4)
  A rock worm (Spider:1)
  An oklob plant (Lair:4)
  11 orb spiders
  9 giraffes
  Joseph (Lair:1)
  7 black mambas
  17 spiny frogs
  Maggie (Lair:1)
  21 elephants
  6 meliai
  14 wolf spiders
  4 rime drakes
  A queen bee (Lair:2)
  7 komodo dragons
  15 jumping spiders
  A polar bear (Lair:6)
  11 demonic crawlers
  2 hornets (Spider:1)
  35 blink frogs
  8 dream sheep
  A spriggan (D:4)
  A wyvern (Lair:3)
  22 tarantellas
  12 yaks
  4 basilisks
  A hungry ghost (D:5)
  Purgy (D:2)
  51 redbacks
  4 guardian mummies (Lair:1)
  12 water moccasins
  An orc warrior (D:5)
  9 porcupines
  A scorpion (D:4)
  An ice beast (D:5)
  An ogre (D:4)
  A black bear (D:4)
  3 wolves (Lair:4)
  Ijyb (D:2)
  12 crocodiles
  Blork the orc (D:2)
  16 bullfrogs
  A spiny frog zombie (Lair:1)
  A black mamba skeleton (Lair:1)
  2 howler monkeys (D:4)
  21 killer bees (Lair:2)
  3 wights (D:4)
  A basilisk zombie (Lair:1)
  9 electric eels
  2 jellies (D:2)
  3 hounds
  An orc wizard (D:5)
  An iguana (D:4)
  A wyvern zombie (Lair:1)
  4 worker ants
  A water moccasin skeleton (Lair:1)
  3 giant cockroaches
  An iron imp (D:4)
  2 bullfrog zombies
  A wolf zombie (Lair:1)
  Robin (D:2)
  A porcupine skeleton (Lair:1)
  3 adders
  3 bullfrog skeletons (D:4)
  3 gnolls (D:5)
  10 sewer rats (D:2)
  A white imp (D:4)
  3 cinder newts
  A worm (D:4)
  A hound skeleton (D:3)
  A dart slug (D:1)
  2 leopard geckos
  18 orcs
  An adder skeleton (D:3)
  12 goblins
  6 hobgoblins
  10 jackals (D:4)
  6 kobolds (D:1)
  2 quokkas
  5 bats
  A quokka zombie (D:5)
  2 rats (D:1)
  3 fungi
  A giant blowfly (D:2)
  15 plants
  A slave (D:4)
  2 slimeheads (D:2)
  2 withered plants (D:2)
537 creatures vanquished.

Vanquished Creatures (collateral kills)
  An entropy weaver (Spider:1)
  A spark wasp (Spider:2)
  A sphinx moth (Spider:1)
  A giraffe (Lair:3)
  2 wolf spiders
  A tarantella (Spider:4)
  4 redbacks
  A crocodile (Lair:2)
  A hound (D:5)
  An orc wizard (D:5)
  A bullfrog skeleton (Lair:1)
15 creatures vanquished.

Vanquished Creatures (others)
  A hydra zombie (Lair:1)
  A water moccasin (Lair:5)
  A porcupine skeleton (Lair:1)
  An ancestor (Lair:1)
  2 battlemagi
  3 fungi
  12 plants
  101 withered plants (D:2)
122 creatures vanquished.

Grand Total: 674 creatures vanquished

Notes
Turn   | Place    | Note
-------+----------+-------------------------------------------
     0 | Start Ma | esc the Barachi Noble began the quest for the Orb.
     0 | Start Ma | Reached XP level 1. HP: 15/15 MP: 2/2
     8 | Start Ma | Bought a +0 triple crossbow for 400 gold pieces
    28 | Start Ma | Bought a +0 pair of gloves of archery for 230 gold pieces
    81 | Start Ma | Bought a +0 pair of boots for 135 gold pieces
    92 | Start Ma | Bought a +0 helmet for 90 gold pieces
   103 | Start Ma | Bought a +0 cloak for 135 gold pieces
   126 | D:1      | esc set off with the following items: a +0 robe, a ration,
                  | a +0 triple crossbow, a +0 pair of gloves of archery, a +0
                  | pair of boots, a +0 helmet, a +0 cloak
   147 | D:1      | Reached skill level 1 in Crossbows
   147 | D:1      | Reached XP level 2. HP: 22/22 MP: 3/3
   364 | D:1      | Reached skill level 2 in Crossbows
   364 | D:1      | Reached XP level 3. HP: 27/27 MP: 4/4
   837 | D:2      | Noticed Robin
   838 | D:2      | Killed Robin
   843 | D:2      | Reached XP level 4. HP: 34/34 MP: 5/5
   865 | D:2      | Found a stormy altar of Qazlal.
   865 | D:2      | Noticed Purgy
   868 | D:2      | Noticed Ijyb
   873 | D:2      | Killed Purgy
   873 | D:2      | Reached skill level 4 in Crossbows
   873 | D:2      | Reached XP level 5. HP: 7/42 MP: 6/6
   875 | D:2      | Killed Ijyb
   875 | D:2      | Reached XP level 6. HP: 9/48 MP: 7/7
  1002 | D:2      | Reached skill level 5 in Crossbows
  1189 | D:2      | Noticed Blork the orc
  1192 | D:2      | Killed Blork the orc
  1192 | D:2      | Reached skill level 1 in Armour
  1192 | D:2      | Reached skill level 1 in Dodging
  1192 | D:2      | Reached XP level 7. HP: 55/55 MP: 8/8
  1249 | D:2      | Reached skill level 5 in Fighting
  1730 | D:2      | Found a runed translucent door.
  1733 | D:2      | Noticed Crazy Yiuf
  2199 | D:3      | Reached skill level 6 in Crossbows
  2232 | D:3      | Found an opulent altar of Gozag.
  2647 | D:4      | Reached XP level 8. HP: 63/63 MP: 9/9
  2719 | D:4      | Noticed Pikel
  2729 | D:4      | Killed Pikel
  2729 | D:4      | Reached skill level 7 in Crossbows
  2791 | D:4      | Reached XP level 9. HP: 71/71 MP: 10/10
  2832 | D:4      | Reached skill level 8 in Crossbows
  2901 | D:4      | Reached skill level 5 in Armour
  3003 | D:4      | Noticed Gastronok
  3016 | D:4      | Killed Gastronok
  3016 | D:4      | Reached skill level 9 in Crossbows
  3016 | D:4      | Reached XP level 10. HP: 48/80 MP: 11/11
  3153 | D:4      | Found a staircase to the Ecumenical Temple.
  3271 | Temple   | Entered the Ecumenical Temple
  3491 | Temple   | Became a worshipper of Hepliaklqana the Forgotten
  3564 | D:5      | Entered Level 5 of the Dungeon
  3774 | D:5      | Found a staircase to the Lair.
  3811 | D:5      | Reached * piety under Hepliaklqana
  3909 | D:5      | Found an opulent altar of Gozag.
  3911 | D:5      | Noticed Sonja
  3919 | D:5      | Killed Sonja
  3919 | D:5      | Reached skill level 10 in Crossbows
  4251 | Lair:1   | Entered Level 1 of the Lair of Beasts
  4286 | Lair:1   | Noticed a six-headed hydra
  4290 | Lair:1   | Killed a six-headed hydra
  4293 | Lair:1   | Reached XP level 11. HP: 80/80 MP: 12/12
  4315 | Lair:1   | Reached skill level 11 in Crossbows
  4510 | Lair:1   | Noticed Joseph
  4512 | Lair:1   | Noticed Maggie
  4513 | Lair:1   | Killed Joseph
  4513 | Lair:1   | Reached skill level 12 in Crossbows
  4516 | Lair:1   | Killed Maggie
  4540 | Lair:1   | Found a runed translucent gate.
  4541 | Lair:1   | Found a viscous altar of Jiyva.
  4541 | Lair:1   | Found a runed translucent gate.
  4541 | Lair:1   | Noticed a death ooze
  4541 | Lair:1   | Noticed EtherCrawl's ghost (journeyman MiBe)
  4542 | Lair:1   | Found a runed translucent gate.
  4667 | Lair:1   | Reached ** piety under Hepliaklqana
  4668 | Lair:1   | Remembered your ancestor Gladwin as a battlemage
  5148 | Lair:1   | Reached skill level 13 in Crossbows
  5240 | Lair:1   | HP: 3/80 [poisoned by a redback]
  5245 | Lair:1   | HP: 2/80 [poisoned by a redback]
  5250 | Lair:1   | HP: 2/80 [poisoned by a redback]
  5255 | Lair:1   | HP: 3/80 [poisoned by a redback]
  5529 | Lair:2   | Reached XP level 12. HP: 86/86 MP: 13/13
  5592 | Lair:2   | Reached skill level 14 in Crossbows
  5631 | Lair:2   | Found a hole to the Spider Nest.
  5842 | Lair:2   | Reached skill level 15 in Crossbows
  5929 | Lair:2   | Noticed a catoblepas
  5932 | Lair:2   | Killed a catoblepas
  6429 | Lair:3   | Noticed a boulder beetle
  6432 | Lair:3   | Reached skill level 16 in Crossbows
  6435 | Lair:3   | HP: 4/86 [boulder beetle (27)]
  6437 | Lair:3   | Killed a boulder beetle
  6441 | Lair:3   | HP: 4/86 [poisoned by a black mamba]
  6507 | Lair:3   | Noticed a boulder beetle
  6519 | Lair:3   | Noticed a swooping magpie
  6520 | Lair:3   | Killed a swooping magpie
  6523 | Lair:3   | Gained mutation: You can hop long distances. [Barachi
                  | growth]
  6523 | Lair:3   | Reached XP level 13. HP: 75/90 MP: 14/14
  6579 | Lair:3   | Reached skill level 17 in Crossbows
  6632 | Lair:3   | Identified the +6 long sword "Najarr" {molten, Str+2 Int+7}
  6719 | Lair:3   | Identified the +3 cleaver of Prudence {antimagic, MR+}
  7288 | Lair:4   | Reached *** piety under Hepliaklqana
  7619 | Lair:4   | Found a staircase to the Swamp.
  7622 | Lair:4   | Reached skill level 18 in Crossbows
  7783 | Lair:4   | Reached XP level 14. HP: 97/97 MP: 15/15
  8121 | Lair:5   | Reached skill level 19 in Crossbows
  8218 | Lair:5   | Found a staircase to the Slime Pits.
  8219 | Lair:5   | Found a viscous altar of Jiyva.
  8285 | Lair:5   | Identified the +0 ring mail of Juus {+Blink rCorr}
  8394 | Lair:5   | Reached **** piety under Hepliaklqana
  8911 | Lair:6   | Entered Level 6 of the Lair of Beasts
  9355 | Lair:6   | Reached skill level 20 in Crossbows
  9496 | Lair:6   | Reached ***** piety under Hepliaklqana
  9756 | Lair:6   | Found the +3 warlock's mirror {reflect}
  9908 | Lair:6   | Identified the +6 hatchet of Sin {holy, rPois rC- MR+ +Vis}
 10084 | Spider:1 | Entered Level 1 of the Spider Nest
 10094 | Spider:1 | Noticed a ghost moth
 10101 | Spider:1 | Killed a ghost moth
 10420 | Spider:1 | Reached XP level 15. HP: 102/102 MP: 16/16
 10585 | Spider:1 | Reached skill level 21 in Crossbows
 11208 | Spider:2 | Reached skill level 1 in Invocations
 11746 | Spider:2 | Reached skill level 10 in Fighting
 11954 | Spider:2 | Identified the +8 staff of the Assorted Souls {warp, earth;
                  | -Tele AC+5 Int+6 Dex+5}
 12595 | Spider:3 | Identified the +2 hatchet of Simnekel {chop, rElec rF- MR-
                  | Dex+5}
 12817 | Spider:4 | Entered Level 4 of the Spider Nest
 12842 | Spider:4 | Mangled by a jumping spider

Levels and vault maps discovered:
D:1:      lemuel_arrival_broad_hall, layout_loops_ring, first_ration
D:2:      layout_sewer, nicolae_qazlal_general_emergency, uniq_ijyb,
          uniq_blork_the_orc, uniq_robin, uniq_purgy, uniq_crazy_yiuf_cottage
D:3:      layout_twisted_cavern, basic_altar
D:4:      layout_roguey, minmay_temple_entry_enclosed_plants, the_bakery,
          uniq_pikel, uniq_gastronok
D:5:      layout_roguey, dpeg_oklobed_lair, nicolae_gozag_seed_capital,
          uniq_sonja
Temple:   dpeg_five_rooms_temple
Lair:1:   layout_cave_pods, gammafunk_ghost_ooze,
          minmay_ossuary_scorpions_multiroom, chequers_ossuary_entry_cave,
          lemuel_fruit_fields, uniq_maggie, uniq_joseph
Lair:2:   layout_loops_ring, spider_nest_entry_web_field, special_room
          [special_room_bee], grunt_megastairs_1, serial_bayou_shore_a
Lair:3:   layout_loops_ring
Lair:4:   layout_cave_pods, swamp_mist
Lair:5:   layout_gridlike, slime_island, minmay_lair_drake_nest
Lair:6:   due_jungle_book, layout_cave_pods, grunt_megastairs_4
Spider:1: layout_chambers
Spider:2: layout_chambers, hangedman_spider_mandibles,
          nicolae_ossuary_entry_monument
Spider:3: layout_spider_delve
Spider:4: spider_rune_water

Skill      XL: |  1  2  3  4  5  6  7  8  9 10 11 12 13 14 15 |
---------------+----------------------------------------------+-----
Crossbows      | 1 2 4 5 6 7 9 10 13 16 18 20 21 | 21.5
Fighting       | 2 3 4 5 6 8 9 10 | 10.6
Armour         | 1 2 4 6 7 8 9 |  9.5
Dodging        | 1 2 4 6 7 8 |  8.7
Invocations    | 3 |  3.6
Stealth        | |  0.8
Spellcasting   | |  1.1

Action                   |  1- 3 |  4- 6 |  7- 9 | 10-12 | 13-15 || total
-------------------------+-------+-------+-------+-------+-------++-------
 Fire: Triple crossbow   |    35 |    52 |    76 |   196 |   412 ||   771
Invok: Recall Ancestor   |       |       |       |     2 |       ||     2
       Ancestor Life: Ba |       |       |       |     1 |       ||     1
 Abil: Hop               |       |       |       |     2 |     6 ||     8
  Use: Scroll            |       |     1 |     2 |     1 |     4 ||     8
       Potion            |       |       |       |     1 |       ||     1
  Eat: Chunk             |       |     1 |     4 |    10 |    11 ||    26
       Ration            |       |       |     1 |     1 |     3 ||     5
Armor: Robe              |     6 |    16 |       |       |       ||    22
       Troll leather     |       |       |    10 |    42 |    68 ||   120
Dodge: Dodged            |     5 |    34 |    24 |    74 |    65 ||   202
